 Dungeon Crawl Stone Soup version 0.20-a0-303-g575bbf7 (webtiles) character file.

5187 Kadarus the Transmogrifier (level 10, 0/85 HPs)
             Began as a White Draconian Transmuter on Dec 16, 2016.
             Was a Priest of Ru.
             Slain by a wight
             ... wielding a +2 halberd
              (6 damage)
             ... on level 8 of the Dungeon.
             The game lasted 00:46:45 (10271 turns).

Kadarus the Transmogrifier (DrTm)                  Turns: 10271, Time: 00:46:46

Health: 0/85       AC:  6    Str: 12    XL:     10   Next: 34%
Magic:  29/32      EV: 13    Int: 15    God:    Ru [***...]
Gold:   429        SH:  0    Dex: 14    Spells: 0/15 levels left

rFire  x . .     SeeInvis .       - Unarmed
rCold  + + +     Gourm    +     (armour unavailable)
rNeg   . . .     Faith    .     (shield currently unavailable)
rPois  +         Spirit   .     (helmet currently unavailable)
rElec  .         Reflect  .     (cloak currently unavailable)
rCorr  .         Harm     .     (gloves currently unavailable)
MR     .....                    (boots currently unavailable)
Stlth  +.........               d - amulet of the gourmand
                                l - ring of magical power
                                j - ring of magical power

@: lethally poisoned (0 -> -1), ice-form, heavily drained
A: (breathe frost), unfitting armour, (cold resistance 0), (cold-blooded),
inability to use devices, hated by all, AC +7
a: End Transformation, Draw Out Power, Renounce Religion


You were on level 8 of the Dungeon.
You worshipped Ru.
Ru was most pleased with you.
You were full.
You were a creature of crystalline ice.
You visited 2 branches of the dungeon, and saw 10 of its levels.

You collected 429 gold pieces.

Inventory:

Missiles
 a - 159 arrows
Armour
 q - a +0 pair of boots (melded)
 y - a +0 pair of gloves (melded)
 C - a +1 cloak (melded)
Jewellery
 d - an amulet of the gourmand (around neck)
 j - a ring of magical power (left front paw)
 l - a ring of magical power (right front paw)
 u - an uncursed ring of ice
Scrolls
 k - 2 scrolls of noise {unknown}
 m - 6 scrolls of remove curse
 o - a scroll of brand weapon {unknown}
 r - a scroll of fear {unknown}
 w - 3 scrolls of fog
Potions
 e - a potion of agility
 h - 2 potions of invisibility
 i - 2 potions of ambrosia
 n - 2 potions of cancellation
 t - 3 potions of brilliance {unknown}
 v - 2 potions of haste
 z - a potion of heal wounds {unknown}
 A - a potion of flight {unknown}
Books
 b - a book of Changes

   Spells                             Type                      Level
   a - Beastly Appendage              Transmutation                1
   b - Sticks to Snakes               Transmutation                2
   c - Spider Form                    Transmutation/Poison         3
   d - Ice Form                       Ice/Transmutation            4
   e - Blade Hands                    Transmutation                5
 p - a book of Minor Magic

   Spells                             Type                      Level
   a - Magic Dart                     Conjuration                  1
   b - Blink                          Translocation                2
   c - Call Imp                       Summoning                    2
   d - Repel Missiles                 Charms/Air                   2
   e - Slow                           Hexes                        2
   f - Conjure Flame                  Conjuration/Fire             3
   g - Mephitic Cloud                 Conjuration/Poison/Air       3
 x - a book of Air

   Spells                             Type                      Level
   a - Shock                          Conjuration/Air              1
   b - Swiftness                      Charms/Air                   2
   c - Repel Missiles                 Charms/Air                   2
   d - Static Discharge               Conjuration/Air              3
   e - Lightning Bolt                 Conjuration/Air              5
Comestibles
 c - 4 bread rations
 f - 32 fruits
 g - 3 meat rations
 s - a beef jerky
 D - a royal jelly


   Skills:
 - Level 1.1(0.0) Fighting
 + Level 7.1(5.7) Dodging
 - Level 8.0(6.5) Unarmed Combat
 - Level 3.0(1.8) Spellcasting
 + Level 9.4(7.8) Transmutations
 - Level 7.0(5.5) Ice Magic


You couldn't memorise any spells.
You knew the following spells:

 Your Spells              Type           Power        Failure   Level  Hunger
a - Beastly Appendage     Tmut           ####..       1%          1    ##.....
b - Sticks to Snakes      Tmut           ####....     1%          2    ###....
c - Spider Form           Tmut/Pois      ##........   17%         3    ####...
d - Ice Form              Ice/Tmut       ###.....     17%         4    #####..
e - Blade Hands           Tmut           ####......   28%         5    ######.


Dungeon Overview and Level Annotations

Branches:
Dungeon (9/15)             Temple (1/1) D:4
   Lair: D:8-11         Orc: D:9-12

Altars:
Ashenzari
Cheibriados
Dithmenos
Elyvilon
Fedhas
Gozag
Hepliaklqana
Kikubaaqudgha
Makhleb
Nemelex Xobeh
Okawaru
Qazlal
Ru
Sif Muna
Trog
Uskayaw
Vehumet
Xom
Yredelemnul
Zin
The Shining One

Shops:
D:4 (


Innate Abilities, Weirdness & Mutations

((You can breathe waves of freezing cold.))
((You can buffet flying creatures when you breathe cold.))
((Your icy white scales are hard. (AC +7)))
You cannot fit into any form of body armour.
((Your flesh is cold resistant. (rC+)))
((You are cold-blooded and may be slowed by cold attacks.))
You cannot study or use magical devices.
You are hated by all.


Message History

The killer bee completely misses you.
You punch the killer bee! You freeze the killer bee.
You kill the killer bee!
You feel sick.
You punch the ball python! You freeze the ball python.
You kill the ball python!
You feel sick.
The wight hits you from afar with an enchanted halberd!
* * * LOW HITPOINT WARNING * * *
The wight hits you from afar with an enchanted halberd!
* * * LOW HITPOINT WARNING * * *
You feel sick. The wight barely misses you.
You see here a killer bee corpse.
You hit the wight but do no damage. The wight closely misses you.
You punch the wight!
The wight is heavily damaged.
You hit the wight.
The wight is heavily damaged.
The wight hits you with an enchanted halberd.
You die...

#.##.........###.......#......8.
#.##..........##.......#.8......
#.##..........รท#####...#...#####
#.##.........#.....#...#...'....
#.######(.######)..#...#...#....
#.####....# ###>.#...#...#....
##.#....##.# #S[..#...#####...#
......(.#..# #z#.z#...........#
........#.## #Y#..)...........#
..........# #)#..#...........#
.........## #.#..#############
.........# ####.#### #........#
#######.#####....# #........(
#.###...#### #........# #.##..###
#........# ######.#..##
#........# #..........#
#........#


You could see a wight and a ball python.

Vanquished Creatures
  The ghost of Havercy the Spear-Bearer, a novice DsGl of Yredelemnul (D:8)
  The ghost of snakesoul the Cleaver, a novice MiBe of Trog (D:5)
  A hornet (D:7)
  A black bear (D:8)
  2 phantoms
  A sky beast (D:6)
  9 ogres
  2 centaurs (D:5)
  A big kobold (D:8)
  7 bullfrogs
  A wyvern skeleton (D:8)
  A scorpion (D:7)
  10 killer bees
  11 wights
  4 howler monkeys
  A crimson imp (D:5)
  2 hounds (D:4)
  3 jellies
  Crazy Yiuf (D:2)
  4 orc wizards
  4 bullfrog skeletons
  A centaur skeleton (D:5)
  4 iguanas
  Jessica (D:2)
  Natasha (D:2)
  5 worker ants
  4 gnolls (D:5)
  13 adders
  A shadow imp (D:8)
  2 oozes
  An adder skeleton (D:9)
  3 worms
  2 dart slugs
  5 leopard geckos
  27 orcs
  3 ball pythons
  4 bats
  3 giant cockroaches
  11 goblins
  A hobgoblin (D:3)
  10 jackals
  2 quokkas
  6 frilled lizards
  A giant cockroach zombie (D:5)
  A jackal skeleton (D:5)
  6 kobolds
  A leopard gecko zombie (D:8)
  A quokka skeleton (D:6)
  11 rats
199 creatures vanquished.

Vanquished Creatures (collateral kills)
  Natasha (twice) (D:2)
  A worker ant (D:5)
  3 adders
  A worm (D:3)
  A giant cockroach (D:2)
  A goblin (D:2)
  A quokka (D:3)
10 creatures vanquished.

Grand Total: 209 creatures vanquished

Notes
Turn   | Place    | Note
-------+----------+-------------------------------------------
     0 | D:1      | Kadarus the Draconian Transmuter began the quest for the Orb.
     0 | D:1      | Reached XP level 1. HP: 16/16 MP: 3/3
   167 | D:1      | Reached XP level 2. HP: 20/23 MP: 3/5
   252 | D:1      | Learned a level 2 spell: Sticks to Snakes
   379 | D:1      | Reached skill level 3 in Transmutations
   967 | D:2      | Noticed Natasha
  1039 | D:2      | Found a runed door.
  1060 | D:2      | Noticed Jessica
  1070 | D:2      | Killed Jessica
  1070 | D:2      | Reached XP level 3. HP: 25/28 MP: 0/6
  1075 | D:2      | Learned a level 3 spell: Spider Form
  1165 | D:2      | Reached skill level 4 in Transmutations
  1191 | D:2      | Killed Natasha
  1207 | D:2      | Noticed Natasha
  1225 | D:2      | Killed Natasha
  1225 | D:2      | Reached XP level 4. HP: 16/35 MP: 1/7
  1547 | D:2      | Noticed Natasha
  1553 | D:2      | Killed Natasha
  1714 | D:2      | Reached skill level 5 in Transmutations
  1737 | D:2      | Found a faded altar of an unknown god.
  2255 | D:2      | Reached XP level 5. HP: 23/40 MP: 1/8
  2915 | D:3      | Found a sacrificial altar of Ru.
  2935 | D:3      | Became a worshipper of Ru the Awakened
  3429 | D:2      | Noticed Crazy Yiuf
  3475 | D:2      | Killed Crazy Yiuf
  3590 | D:4      | Found a staircase to the Ecumenical Temple.
  3603 | D:4      | Reached XP level 6. HP: 34/47 MP: 6/9
  3644 | Temple   | Entered the Ecumenical Temple
  4016 | D:4      | Reached skill level 5 in Unarmed Combat
  4022 | D:4      | Found Afa Rov's Antique Weapon Shop.
  4413 | D:4      | Learned a level 4 spell: Ice Form
  4686 | D:5      | Entered Level 5 of the Dungeon
  4714 | D:5      | Your scales start taking on an icy white colour.
  4714 | D:5      | Reached XP level 7. HP: 52/52 MP: 11/11
  4714 | D:5      | Gained mutation: Your flesh is cold resistant. (rC+) [White Draconian growth]
  4777 | D:5      | Noticed snakesoul's ghost (novice MiBe)
  4794 | D:5      | Reached skill level 1 in Ice Magic
  4825 | D:5      | Killed snakesoul's ghost
  5035 | D:5      | Reached XP level 8. HP: 59/59 MP: 12/12
  5145 | D:4      | Reached skill level 5 in Ice Magic
  5162 | D:4      | Gained mutation: You cannot study or use magical devices. [Ru sacrifice]
  5162 | D:4      | Reached * piety under Ru
  5162 | D:4      | Reached ** piety under Ru
  5162 | D:4      | Reached *** piety under Ru
  6180 | D:6      | Reached skill level 6 in Transmutations
  6180 | D:6      | Reached XP level 9. HP: 50/64 MP: 12/13
  6832 | D:6      | Reached skill level 7 in Transmutations
  6868 | D:6      | Found a hazy altar of Hepliaklqana.
  7635 | D:7      | Gained mutation: You are hated by all. [Ru sacrifice]
  8140 | D:7      | Reached skill level 5 in Dodging
  8209 | D:8      | Noticed Havercy's ghost (novice DsGl)
  8542 | D:8      | Killed Havercy's ghost
  8542 | D:8      | Reached skill level 8 in Transmutations
  8746 | D:8      | Reached XP level 10. HP: 71/71 MP: 14/14
  8758 | D:8      | Learned a level 5 spell: Blade Hands
  9532 | D:8      | Reached skill level 9 in Transmutations
 10271 | D:8      | Slain by a wight

Vault maps used:
D:1:      ncdulo_wetmaze
D:2:      chequers_ecumenical_altar_lobes, first_bread, uniq_crazy_yiuf_cottage,
          uniq_jessica, uniq_natasha
D:3:      wad_floor_pattern_untrapped, minivault_5, nicolae_ru_awakened_eye
D:4:      serial_shops, shop
D:6:      kennysheep_mini, hangedman_decor_peaks_small
D:8:      kennysheep_blocky_room, blue_anna_alchemist
Temple:   regret_index_temple_chain_breaker

Skill      XL: |  1  2  3  4  5  6  7  8  9 10 |
---------------+-------------------------------+-----
Transmutations | 3 4 5 6 8 9 |  9.4
Unarmed Combat | 4 5 6 8 |  8.0
Spellcasting   | 3 |  3.0
Ice Magic      | 4 7 |  7.0
Dodging        | 3 6 7 |  7.1
Fighting       | |  1.1

Action                   |  1- 3 |  4- 6 |  7- 9 | 10-12 || total
-------------------------+-------+-------+-------+-------++-------
Melee: Dagger            |    38 |       |       |       ||    38
       Unarmed           |     4 |    83 |   267 |   117 ||   471
       Tailslap          |     8 |    16 |     7 |     1 ||    32
       Kick              |     6 |     9 |       |       ||    15
       Headbutt          |     4 |     6 |     5 |       ||    15
       Short sword       |    42 |   100 |       |       ||   142
       Punch             |     3 |     1 |     1 |       ||     5
       Staff             |       |    33 |       |       ||    33
 Cast: Beastly Appendage |    18 |    20 |     3 |       ||    41
       Sticks to Snakes  |     7 |    15 |     4 |     1 ||    27
       Spider Form       |       |    16 |     3 |       ||    19
       Ice Form          |       |       |    24 |    13 ||    37
Invok: Sacrifice Artific |       |       |     1 |       ||     1
       Sacrifice Love    |       |       |     1 |       ||     1
       Draw Out Power    |       |       |       |     1 ||     1
 Abil: End Transformatio |       |       |     1 |       ||     1
       Breathe Frost     |       |       |     6 |       ||     6
  Use: Scroll            |     2 |     9 |     3 |     2 ||    16
       Potion            |       |     1 |     4 |     1 ||     6
 Stab: Sleeping          |       |     1 |       |     1 ||     2
       Invisible         |       |       |     3 |     3 ||     6
       Distracted        |       |       |     1 |     1 ||     2
  Eat: Chunk             |     1 |    23 |    21 |     7 ||    52
       Bread ration      |     1 |       |       |       ||     1
Armor: Skin              |    24 |    50 |    59 |    15 ||   148
Dodge: Dodged            |    47 |   149 |   110 |    96 ||   402
